 Dungeon Crawl Stone Soup version 0.19.1 (webtiles) character file.

844 empire the Slasher (level 7, -3/52 HPs)
             Began as a Demonspawn Chaos Knight on Dec 13, 2016.
             Shot with an arrow by a centaur (9 damage)
             ... on level 6 of the Dungeon.
             The game lasted 00:15:37 (5257 turns).

empire the Slasher (Demonspawn Chaos Knight)        Turns: 5257, Time: 00:15:37

Health: -3/52      AC: 17    Str: 14    XL:     7   Next: 68%
Magic:  8/8        EV:  4    Int: 13    God:    Xom [..*...]
Gold:   14         SH:  0    Dex: 13    Spells: 0 memorised, 6 levels left

rFire  + . .     SeeInvis .     a - +2 falchion (chaos)
rCold  x . .     Gourm    .     i - +3 plate armour
rNeg   . . .     Faith    .     (no shield)
rPois  .         Spirit   .     (helmet restricted)
rElec  .         Reflect  .     (no cloak)
rCorr  .         Harm     .     (no gloves)
MR     .....                    (no boots)
Stlth  ..........               (no amulet)
                                C - ring of stealth
                                n - ring of fire

@: very slightly contaminated
A: horns 2, icy blue scales 1, spiny 1
a: Renounce Religion


You were on level 6 of the Dungeon.
You worshipped Xom.
You were a toy of Xom.
You were not hungry.

You visited 1 branch of the dungeon, and saw 6 of its levels.

You collected 430 gold pieces.
You spent 416 gold pieces at shops.

Inventory:

Hand Weapons
 a - a +2 falchion of chaos (weapon)
 l - a +1 mace of holy wrath
 o - a +0 fustibalus
Missiles
 g - 45 arrows
 h - 23 poisoned needles
 j - 9 bolts
Armour
 b - a +2 leather armour
 e - a +1 scale mail of cold resistance
 i - a +3 plate armour (worn)
Jewellery
 n - a ring of fire (left hand)
 C - a ring of stealth (right hand)
Wands
 s - a wand of slowing (27/48)
Scrolls
 k - a scroll of recharging
 m - 4 scrolls of identify
 p - 3 scrolls of teleportation
 t - a scroll of magic mapping
 v - 2 scrolls of fear
 w - a scroll of fog
 y - a scroll of noise
 z - a scroll of random uselessness
 A - a scroll of enchant weapon
 B - a scroll of enchant armour
Potions
 q - a potion of agility
Comestibles
 c - 8 bread rations
 d - 2 slices of pizza
 f - 4 meat rations
 r - 2 chunks of flesh
 x - a beef jerky


   Skills:
 - Level 3.3 Fighting
 * Level 5.9 Long Blades
 * Level 5.6 Armour
 - Level 1.0 Dodging
 + Level 2.0 Evocations


You had 6 spell levels left.
You didn't know any spells.

Dungeon Overview and Level Annotations

Branches:
Dungeon (6/15)
 Temple: D:4-7

Altars:
Cheibriados
Fedhas
Makhleb
Sif Muna
Trog

Shops:
D:4 (   D:6 ?


Innate Abilities, Weirdness & Mutations

You have a pair of horns on your head.
You are partially covered in icy blue scales. (AC +2)
You are partially covered in sharp spines.


Message History

You see here an arrow.
g - 43 arrows (gained 1)
The centaur shoots an arrow.
The arrow hits you.
* * * LOW HITPOINT WARNING * * *
The centaur shoots an arrow.
The arrow hits you but does no damage. "This might be better!"
The centaur is charmed.
Found a meat ration.
You swap places.
You see here 2 arrows.
g - 45 arrows (gained 2)
You see here a meat ration.
f - 4 meat rations (gained 1)
A worker ant comes into view.
Found a dagger.
The centaur is no longer charmed.
The centaur shoots an arrow.
The arrow barely misses you.
The centaur shoots an arrow.
The arrow hits you!
You die...
Xom thinks this is hilarious!

..##.........#
. ###......##
. ###.a#..#
##....###
####...#######
##c.......#
##.......#
##......#
#.@)...#
########


You could see a centaur and a worker ant.

Vanquished Creatures
  A sky beast (D:3)
  An ogre (D:4)
  A phantom (D:4)
  A bullfrog (D:6)
  A crimson imp (D:6)
  A hound (D:5)
  2 iguanas
  2 worker ants (D:5)
  2 hound skeletons (D:6)
  A hound zombie (D:5)
  4 gnolls (D:4)
  5 adders
  An ooze (D:2)
  A worm (D:3)
  3 dart slugs
  6 leopard geckos
  7 orcs (D:3)
  8 giant cockroaches
  7 goblins
  5 hobgoblins
  12 jackals
  2 quokkas
  A ball python (D:1)
  5 bats
  6 kobolds
  11 rats
97 creatures vanquished.

Vanquished Creatures (collateral kills)
  A steam dragon (D:5)
1 creature vanquished.

Vanquished Creatures (others)
  A fire vortex (D:5)
  3 fungi (D:5)
4 creatures vanquished.

Grand Total: 102 creatures vanquished

Notes
Turn   | Place    | Note
-------+----------+-------------------------------------------
     0 | D:1      | empire the Demonspawn Chaos Knight began the quest for the Orb.
     0 | D:1      | Reached XP level 1. HP: 18/18 MP: 1/1
   152 | D:1      | Gained mutation: You have a pair of small horns on your head. [demonic ancestry]
   152 | D:1      | Reached XP level 2. HP: 19/24 MP: 2/2
   252 | D:1      | Reached skill level 1 in Dodging
   305 | D:1      | XOM: smoke on damage
   465 | D:1      | XOM: silly message
   547 | D:1      | XOM: mild Fire miscast
   649 | D:2      | XOM: stealth player
   707 | D:2      | Gained mutation: You are partially covered in icy blue scales. (AC +2) [demonic ancestry]
   707 | D:2      | Reached XP level 3. HP: 13/29 MP: 3/3
  1308 | D:3      | Reached XP level 4. HP: 30/35 MP: 4/4
  1415 | D:3      | Found a burning altar of Makhleb.
  1421 | D:3      | XOM: polymorph jackal -> leopard gecko
  1965 | D:3      | XOM: mild Conj miscast
  2056 | D:3      | XOM: cloud trail
  2185 | D:3      | XOM: mild Tloc miscast
  2316 | D:3      | XOM: scenery: 1 doors open
  2406 | D:3      | Noticed a sky beast
  2412 | D:3      | XOM: fake destruction
  2435 | D:3      | Killed a sky beast
  2435 | D:3      | Gained mutation: You have a pair of horns on your head. [demonic ancestry]
  2435 | D:3      | Reached XP level 5. HP: 25/41 MP: 5/5
  2521 | D:3      | XOM: butterfly on damage
  2534 | D:3      | XOM: mild Fire miscast
  2564 | D:3      | XOM: enchant monster (good)
  2736 | D:3      | XOM: mild Ice miscast
  2782 | D:3      | XOM: harmless Air miscast
  2885 | D:4      | Found a blossoming altar of Fedhas.
  3082 | D:4      | Found Xoucaugoha's Weapon Boutique.
  3277 | D:4      | XOM: cast spell 'Dispersal'
  3460 | D:4      | Noticed a phantom
  3508 | D:4      | Killed a phantom
  3508 | D:4      | Reached XP level 6. HP: 28/47 MP: 6/6
  3688 | D:4      | Reached skill level 5 in Long Blades
  3846 | D:4      | Found a deep blue altar of Sif Muna.
  3846 | D:4      | Found a bloodstained altar of Trog.
  3847 | D:4      | Found a snail-covered altar of Cheibriados.
  3978 | D:5      | Entered Level 5 of the Dungeon
  3999 | D:5      | Noticed a steam dragon
  4000 | D:5      | Noticed a steam dragon
  4018 | D:5      | XOM: summons friendly white imp
  4025 | D:5      | Killed a steam dragon
  4025 | D:5      | Reached skill level 5 in Armour
  4025 | D:5      | Reached skill level 1 in Evocations
  4025 | D:5      | Gained mutation: You are partially covered in sharp spines. [demonic ancestry]
  4025 | D:5      | Reached XP level 7. HP: 7/52 MP: 7/7
  4091 | D:5      | XOM: harmless Fire miscast
  4196 | D:5      | XOM: cloud trail
  4211 | D:5      | XOM: 3-stop teleportation journey
  4535 | D:5      | XOM: harmless Necr miscast
  4622 | D:5      | XOM: silly message
  4673 | D:5      | XOM: snakes to sticks
  4720 | D:5      | XOM: mild Fire miscast
  4726 | D:5      | XOM: harmless Summ miscast
  4974 | D:5      | XOM: silly message
  5084 | D:6      | XOM: confuse monster(s)
  5099 | D:6      | XOM: blink monster(s)
  5137 | D:6      | XOM: butterfly on damage
  5140 | D:6      | Found Qymyss's Magic Scroll Shoppe.
  5144 | D:6      | Bought a scroll of fear for 38 gold pieces
  5144 | D:6      | Bought a scroll of teleportation for 33 gold pieces
  5144 | D:6      | Bought a scroll of fog for 22 gold pieces
  5144 | D:6      | Bought a scroll of noise for 11 gold pieces
  5144 | D:6      | Bought a scroll of random uselessness for 11 gold pieces
  5144 | D:6      | Bought a scroll of teleportation for 33 gold pieces
  5144 | D:6      | Bought a scroll of enchant weapon for 82 gold pieces
  5144 | D:6      | Bought a scroll of enchant armour for 82 gold pieces
  5144 | D:6      | Bought a scroll of identify for 22 gold pieces
  5144 | D:6      | Bought a scroll of identify for 22 gold pieces
  5144 | D:6      | Bought a scroll of identify for 22 gold pieces
  5144 | D:6      | Bought a scroll of fear for 38 gold pieces
  5194 | D:6      | XOM: god gift: emerald ring {god gift}
  5212 | D:6      | HP: 2/52 [ogre/giant spiked club (14)]
  5233 | D:6      | HP: 2/52 [centaur/arrow (4)]
  5234 | D:6      | XOM: enchant monster (good)
  5257 | D:6      | Shot with an arrow by a centaur

Skill      XL: |  1  2  3  4  5  6  7 |
---------------+----------------------+-----
Long Blades    | 3 4 5 |  5.9
Dodging        | 1 |  1.0
Armour         | 2 3 4 5 |  5.6
Evocations     | 1 2 |  2.0
Fighting       | |  3.3

Action                   |  1- 3 |  4- 6 |  7- 9 || total
-------------------------+-------+-------+-------++-------
Melee: Falchion          |   125 |   171 |    51 ||   347
       Headbutt          |    15 |    26 |    13 ||    54
Evoke: Wand              |       |     1 |       ||     1
  Use: Scroll            |     5 |     5 |    11 ||    21
       Potion            |       |     7 |     1 ||     8
 Stab: Paralysed         |     1 |     3 |       ||     4
       Petrified         |       |     1 |       ||     1
  Eat: Chunk             |     1 |     9 |     4 ||    14
Armor: Leather armour    |    24 |       |       ||    24
       Plate armour      |   103 |   190 |    64 ||   357
Dodge: Dodged            |    45 |    64 |    11 ||   120
       Rpst.: Falchion   |    13 |    18 |     2 ||    33
